 Dungeon Crawl Stone Soup version 0.29.0-4-gdea44cf6ec (webtiles) character file.

Game seed: 12041191668588809121

44 qw the Chopper (level 3, -5/21 HPs)
             Began as a Tengu Warper on Aug 29, 2022.
             Slain by an ogre
             ... wielding a +0 giant club
              (26 damage)
             ... on level 2 of the Dungeon.
             The game lasted 00:00:34 (1489 turns).

qw the Chopper (Tengu Warper)                       Turns: 1489, Time: 00:00:35

Health: -5/21      AC:  3    Str: 13    XL:     3   Next: 62%
Magic:  7/7        EV: 12    Int: 13    God:
Gold:   73         SH:  0    Dex: 13    Spells: 6/6 levels left

rFire   . . .      SeeInvis .   Y - +2 hand axe (venom)
rCold   . . .      Faith    .   (no shield)
rNeg    . . .      Spirit   .   b - +0 leather armour
rPois   .          Reflect  .   (helmet restricted)
rElec   .          Harm     .   (no cloak)
rCorr   .          Rampage  .   (no gloves)
Will    .....                   (boots unavailable)
Stlth   +.........              e - amulet of the acrobat
HPRegen 0.07/turn               (no ring)
MPRegen 0.10/turn               (no ring)

@: no status effects
A: beak, talons 3
a: no special abilities


You were on level 2 of the Dungeon.
You visited 1 branch of the dungeon, and saw 2 of its levels.

You collected 73 gold pieces.


Innate Abilities, Weirdness & Mutations

You have a beak for a mouth.
You have claws for feet.


   Skills:
 - Level 2.0 Fighting
 + Level 4.3 Axes
 - Level 1.0 Throwing
 - Level 1.1 Armour
 - Level 2.1 Dodging
 - Level 2.0 Spellcasting
 - Level 2.4 Translocations


You had 6 spell levels left.
You didn't know any spells.
Your spell library contained the following spells:

 Spells                   Type           Power      Damage    Failure   Level
 Blink                    Tloc           14%        N/A       19%         2
 Gell's Gravitas          Tloc           7%         N/A       36%         3
 Lesser Beckoning         Tloc           7%         N/A       36%         3
 Teleport Other           Tloc           7%         N/A       36%         3
 Manifold Assault         Tloc           7%         N/A       98%         5

Inventory:

Hand Weapons
 i - a +0 mace
 Y - a +2 hand axe of venom (weapon)
Armour
 b - a +0 leather armour (worn)
Jewellery
 e - an amulet of the acrobat (around neck)
Scrolls
 f - a scroll of identify {unknown}
Potions
 a - a potion of haste {unknown}
 c - a potion of lignification {unknown}
 d - a potion of curing {unknown}
 h - a potion of heal wounds {unknown}

Dungeon Overview and Level Annotations

Branches:
Dungeon (2/15)

Altars:


Message History

HP restored.
A quokka comes into view.
You slash the quokka!
You kill the quokka!
An endoplasm comes into view.
You hit the endoplasm.
The endoplasm is poisoned.
You claw the endoplasm.
You kill the endoplasm!
Found a robe and a sling.
Found a stone staircase leading down.
An adder comes into view.
1456 ||| Stepping ~*~*~tactically~*~*~ (stealth).
An adder is nearby!
1458 ||| Stepping ~*~*~tactically~*~*~ (stealth).
The adder hisses angrily.
You barely miss the adder. The adder bites you but does no damage.
You barely miss the adder. You claw the adder.
The adder is lightly wounded.
The adder barely misses you.
You slash the adder!
The adder is poisoned.
You claw the adder.
The adder is almost dead.
You kill the adder!
Found 5 stones.
You see here an adder corpse.
You see here a +0 robe.
f - a scroll labelled XAUGUDA FUTUNG A ball python comes into view.
You barely miss the ball python. You claw the ball python.
You kill the ball python!
You see here a ball python corpse.
An ogre comes into view. It is wielding a +0 giant club.
Found 3 stones.
The ogre shouts!
An endoplasm comes into view.
1486 ||| Stepping ~*~*~tactically~*~*~ (stealth).
You hit the ogre.
The ogre is poisoned.
The ogre is lightly wounded.
The ogre hits you with a +0 giant club!!
Ouch! That really hurt!
You die...

###########
#.........#
#.#######.##
#.)....[%...
#######.>...###.##
#######....%...(..#
#.#
#(....O....##.....#
#.#
J#####@#####.....#
#.# #.# ####### #.#
#.# #.# #.# #.# #.#
#.# ... #.# #.# #.#
#.# #.## #...


You could see an ogre (very poisoned).

Vanquished Creatures
  An adder (D:2)
  A dart slug (D:1)
  2 bats
  3 endoplasms
  2 giant cockroaches (D:1)
  2 goblins (D:1)
  A hobgoblin (D:1)
  A quokka (D:2)
  5 ball pythons
  9 kobolds
  6 rats
33 creatures vanquished.

Notes
Turn   | Place    | Note
-------+----------+-------------------------------------------
     0 | D:1      | qw the Tengu Warper began the quest for the Orb.
     0 | D:1      | Reached XP level 1. HP: 12/12 MP: 4/4
     0 | D:1      | 0 ||| qw: Version: 0.1-a-89-g26bdef1
     0 | D:1      | 0 ||| qw: Game counter: 3586
     0 | D:1      | 0 ||| qw: Always use a shield: true
     0 | D:1      | 0 ||| qw: God list: Okawaru
     0 | D:1      | 0 ||| qw: Allow faded altars: false
     0 | D:1      | 0 ||| qw: Do Orc after D:15 true
     0 | D:1      | 0 ||| qw: Do second Lair branch before Depths: true
     0 | D:1      | 0 ||| qw: Lair rune preference: random
     0 | D:1      | 0 ||| qw: Plans: Normal
     0 | D:1      | 0 ||| PLANNING D:1-11
    32 | D:1      | 32 ||| Stepping ~*~*~tactically~*~*~ (stealth).
    33 | D:1      | 33 ||| Stepping ~*~*~tactically~*~*~ (stealth).
    40 | D:1      | 40 ||| Stepping ~*~*~tactically~*~*~ (stealth).
    42 | D:1      | 42 ||| Stepping ~*~*~tactically~*~*~ (stealth).
    44 | D:1      | 44 ||| Stepping ~*~*~tactically~*~*~ (stealth).
    46 | D:1      | 46 ||| Stepping ~*~*~tactically~*~*~ (stealth).
    48 | D:1      | 48 ||| Stepping ~*~*~tactically~*~*~ (stealth).
    49 | D:1      | 49 ||| Stepping ~*~*~tactically~*~*~ (stealth).
   278 | D:1      | 278 ||| Stepping ~*~*~tactically~*~*~ (stealth).
   413 | D:1      | Reached skill level 3 in Axes
   413 | D:1      | Reached XP level 2. HP: 17/17 MP: 6/6
   555 | D:1      | 555 ||| DROPPING +0 whip.
   556 | D:1      | 556 ||| DROPPING +0 club.
   657 | D:1      | 657 ||| Stepping ~*~*~tactically~*~*~ (hiding).
   703 | D:1      | 703 ||| SWAPPING to +2 hand axe of venom.
   704 | D:1      | 704 ||| DROPPING +0 hand axe.
   756 | D:1      | Reached XP level 3. HP: 21/21 MP: 7/7
  1095 | D:1      | 1095 ||| UPGRADING to amulet of the acrobat.
  1100 | D:1      | 1100 ||| READING scroll labelled GOUTZI SIFA.
  1101 | D:1      | 1101 ||| READING 2 scrolls labelled WAKKEQ ASIEN.
  1102 | D:1      | 1102 ||| DROPPING scroll of blinking.
  1103 | D:1      | 1103 ||| DROPPING scroll of noise.
  1204 | D:2      | Found a faded altar of an unknown god.
  1360 | D:2      | Reached skill level 4 in Axes
  1456 | D:2      | 1456 ||| Stepping ~*~*~tactically~*~*~ (stealth).
  1458 | D:2      | 1458 ||| Stepping ~*~*~tactically~*~*~ (stealth).
  1484 | D:2      | Noticed an ogre
  1486 | D:2      | 1486 ||| Stepping ~*~*~tactically~*~*~ (stealth).
  1489 | D:2      | Slain by an ogre

Levels and vault maps discovered:
D:1:      minmay_arrival_checkered_box, layout_basic
D:2:      layout_loops_ring, basic_ecumenical_altar

Skill      XL: |  1  2  3 |
---------------+----------+-----
Axes           | 3 4 |  4.3
Fighting       | |  2.0
Throwing       | |  1.0
Armour         | |  1.1
Dodging        | |  2.1
Spellcasting   | |  2.0
Translocations | |  2.4

Action                   || total
-------------------------++-------
Melee: Hand axe          ||    56
       Kick              ||    10
Throw: Boomerang         ||     7
  Use: Scroll            ||     2
Armor: Leather armour    ||     8
Dodge: Dodged            ||    20

Table legend:
 A = Non-vault XP
 B = Vault XP
 C = Vault XP percentage of total XP
 D = Non-vault monster count
 E = Vault monster count
 F = Vault count percentage of total count
                 A         B        C        D         E       F
            +---------+---------+-------+---------+---------+-------
      Total |      64 |       0 |   0.0 |      33 |       0 |   0.0
            +---------+---------+-------+---------+---------+-------
        D:1 |      38 |       0 |   0.0 |      24 |       0 |   0.0
        D:2 |      26 |       0 |   0.0 |       9 |       0 |   0.0
            +---------+---------+-------+---------+---------+-------
